 Dungeon Crawl Stone Soup version 0.30.1-3-gfc49f6343a (webtiles) character file.

Game seed: 12491013142755415043

14 Bronimir the Covered (level 2, -1/19 HPs)
             Began as a Gargoyle Fighter on July 29, 2023.
             Slain by a gnoll
             ... wielding a +0 spear
              (5 damage)
             ... on level 1 of the Dungeon.
             The game lasted 00:00:40 (353 turns).

Bronimir the Covered (Gargoyle Fighter)              Turns: 353, Time: 00:00:41

Health: -1/19      AC:  9    Str: 19    XL:     2   Next: 45%
Magic:  2/2        EV:  9    Int:  8    God:
Gold:   62         SH:  4    Dex:  9    Spells: 1/1 levels left

rFire   . . .        a - +0 flail
rCold   . . .        c - +0 buckler
rNeg    + . .        b - +0 scale mail
rPois   ∞            (no helmet)
rElec   +            (no cloak)
rCorr   .            (no gloves)
SInv    .            (no boots)
Will    .....        (no amulet) Stlth
                     (no ring)
HPRegen 0.23/turn    (no ring)
MPRegen 0.08/turn

%: no passive effects
@: no status effects
A: sickness immunity, AC +2, negative energy resistance 1, electricity
resistance, torment resistance 1, petrification resistance
a: no special abilities


You were on level 1 of the Dungeon.
You visited 1 branch of the dungeon, and saw 1 of its levels.

You collected 62 gold pieces.

Inventory:

Hand Weapons
 a - a +0 flail (weapon)
Missiles
 m - 5 javelins (quivered)
Armour
 b - a +0 scale mail (worn)
 c - a +0 buckler (worn)
Scrolls
 e - 2 scrolls of identify {unknown}
 f - a scroll of teleportation {unknown}
 g - a scroll of poison {unknown}
 h - a scroll of vulnerability {unknown}
 j - a scroll of blinking {unknown}
 k - a scroll of brand weapon {unknown}
Potions
 d - a potion of might
 i - a potion of curing {unknown}
 l - a potion of resistance {unknown}


   Skills:
 + Level 3.4 Fighting
 * Level 2.3 Maces & Flails
 * Level 3.5 Armour
 + Level 3.4 Shields


You had one spell level left.
You didn't know any spells.
Your spell library was empty.

Dungeon Overview and Level Annotations

Branches:
Dungeon (1/15)

Altars:


Innate Abilities, Weirdness & Mutations

You are immune to sickness and miasma.
Your stone body is resilient. (AC +2)
You are immune to poison.
You resist negative energy. (rN+)
You are resistant to electric shocks. (rElec)
You are resistant to unholy torment.
You are immune to petrification.


Message History

The hobgoblin shouts!
You hear a shout! x2
You barely miss the hobgoblin.
The hobgoblin hits you but does no damage.
A gnoll comes into view. It is wielding a +0 spear.
The hobgoblin barely misses you.
You barely miss the hobgoblin. The hobgoblin hits you.
A gnoll comes into view. It is wielding a +0 spear.
You sock the hobgoblin!
You kill the hobgoblin!
The gnoll hits you from afar with a +0 spear.
You see here a hobgoblin corpse.
The gnoll hits you with a +0 spear.
The gnoll hits you from afar with a +0 spear.
You are too injured to fight recklessly!
You are too injured to fight recklessly!
The gnoll attacks as you move away! The gnoll closely misses you.
The gnoll barely misses you.
You see here a hobgoblin corpse.
You see here 5 javelins.
m - 5 javelins The gnoll closely misses you.
The gnoll hits you from afar with a +0 spear.
The gnoll barely misses you.
You hit the gnoll.
The gnoll is heavily wounded.
The gnoll barely misses you.
The gnoll hits you from afar with a +0 spear.
* * * LOW HITPOINT WARNING * * *
The gnoll hits you but does no damage. You block the gnoll's attack.
You hit the gnoll.
You kill the gnoll!
The gnoll misses you.
You have reached level 2!
The gnoll hits you with a +0 spear.
* * * LOW HITPOINT WARNING * * *
You see here a +0 spear.
You hit the gnoll.
The gnoll is moderately wounded.
The gnoll hits you with a +0 spear.
You die...

#.# #.#
############.#.##.#
#.# #.# #.#.##.# #.#
#.# #.#.##.# ###.##
#.# #.#.##.#
...#.###.# #......#
.........# #....
#..########### ...
#............#########
#..#
##.#####........@g...#
##............######.#
##.#####.....## #.#
##.# #.....# #.# ##.#
###.### #g# ##.# #.#
##.# ##.# ##.## #..#
##.######...## #.## #
.............# ##.##
...


You could see a gnoll.

Vanquished Creatures
  A gnoll (D:1)
  A goblin (D:1)
  A hobgoblin (D:1)
  3 rats (D:1)
6 creatures vanquished.

Notes
Turn   | Place    | Note
-------+----------+-------------------------------------------
     0 | D:1      | Bronimir the Gargoyle Fighter began the quest for the Orb.
     0 | D:1      | Reached XP level 1. HP: 14/14 MP: 1/1
   352 | D:1      | Reached XP level 2. HP: 6/19 MP: 2/2
   353 | D:1      | Slain by a gnoll

Illustrated notes

Levels and vault maps discovered:
D:1:      saegor_arrival_simple_d, layout_loops_ring

Action                     || total
---------------------------++-------
  Melee: Flail             ||    17
 Armour: Scale mail        ||     5
  Dodge: Dodged            ||    11
  Block: Buckler           ||     3
